 Dungeon Crawl Stone Soup version 0.31-a0-4-gefa6de2278 (webtiles) character file.

Game seed: 10554014417865916523

63 GigaChad the Shield-Bearer (level 4, -2/37 HPs)
             Began as a Formicid Fighter on May 3, 2023.
             Slain by a gnoll
             ... wielding a +0 halberd
             ... led by a gnoll bouda
              (3 damage)
             ... on level 3 of the Dungeon.
             The game lasted 00:01:54 (2044 turns).

GigaChad the Shield-Bearer (Formicid Fighter)       Turns: 2044, Time: 00:01:54

Health: -2/37      AC:  7    Str: 23    XL:     4   Next: 30%
Magic:  4/4        EV:  9    Int:  7    God:
Gold:   103        SH:  6    Dex: 13    Spells: 3/3 levels left

rFire   . . .        a - +0 war axe
rCold   . . .        c - +1 buckler
rNeg    . . .        b - +0 scale mail
rPois   .            (helmet unavailable)
rElec   .            (no cloak)
rCorr   +            (no gloves)
SInv    +            (no boots)
Will    .....        (no amulet) Stlth
                     g - ring of resist corrosion
HPRegen 0.26/turn    (no ring)
MPRegen 0.09/turn

%: no passive effects
@: no status effects
A: permanent stasis, dig shafts and tunnels, antennae 3, four strong arms
a: Dig, Shaft Self


You were on level 3 of the Dungeon.
You visited 1 branch of the dungeon, and saw 3 of its levels.

You collected 103 gold pieces.

Inventory:

Hand Weapons
 a - a +0 war axe (weapon)
Armour
 b - a +0 scale mail (worn)
 c - a +1 buckler (worn)
Jewellery
 g - a ring of resist corrosion (left hand)
 i - an amulet of regeneration
 j - an amulet of guardian spirit
 m - a ring of flight
Scrolls
 f - a scroll of fog
 h - a scroll of magic mapping
 k - a scroll of identify
Potions
 d - a potion of might
 e - a potion of brilliance {unknown}
 l - a potion of attraction {unknown}


   Skills:
 + Level 3.8 Fighting
 * Level 3.1 Axes
 * Level 3.8 Armour
 - Level 0.1 Dodging
 * Level 4.3 Shields


You had 3 spell levels left.
You didn't know any spells.
Your spell library contained the following spells:

 Spells                   Type           Power      Damage    Failure   Level
 Sublimation of Blood     Necr           0%         N/A       91%         2
 Wereblood                Tmut           0%         N/A       91%         2
 Alistair's Intoxication  Tmut/Pois      0%         N/A       100%        5
 Borgnjor's Vile Clutch   Necr/Erth      0%         N/A       100%        5
 Eringya's Noxious Bog    Tmut/Pois      0%         N/A       100%        6
 Summon Hydra             Summ           0%         N/A       100%        7


Dungeon Overview and Level Annotations

Branches:
Dungeon (3/15)

Altars:
Hepliaklqana


Innate Abilities, Weirdness & Mutations

You cannot be hasted, slowed, berserked, paralysed or teleported.
You can dig through walls and to a lower floor.
You have a pair of large antennae on your head. (SInv)
Your four strong arms can wield two-handed weapons with a shield.


Message History

The gnoll hits you with a +0 halberd.
Unknown command.
You are too injured to fight recklessly!
Unknown command.
You are too injured to fight recklessly!
Unknown command.
You are too injured to fight recklessly!
Unknown command.
The gnoll bouda gazes fiercely through you!
You feel your attacks grow feeble. The gnoll barely misses you.
Unknown command.
You block the gnoll's attack.
The gnoll hits you from afar with a +0 spear.
Unknown command.
You closely miss the gnoll.
The gnoll is lightly wounded.
You barely miss the gnoll bouda. You block the gnoll's attack. x2
The gnoll completely misses you. You block the gnoll bouda's attack.
The gnoll hits you from afar with a +0 spear.
The gnoll completely misses you. The gnoll closely misses you.
Unknown command.
You slash the gnoll!
The gnoll is severely wounded.
You closely miss the gnoll bouda.
The gnoll bouda hits you with a +0 whip.
* * * LOW HITPOINT WARNING * * *
The gnoll closely misses you. The gnoll hits you but does no damage.
The gnoll hits you from afar with a +0 halberd.
* * * LOW HITPOINT WARNING * * *
You hit the gnoll.
The gnoll is almost dead.
You closely miss the gnoll bouda.
Your attacks no longer feel as feeble.
The gnoll bouda barks out a call to the hunt!
The gnolls pick up the pace!
The gnoll hits you from afar with a +0 halberd.
* * * LOW HITPOINT WARNING * * *
The gnoll hits you with a +0 halberd.
You die...

### #.. #. #.#
##.#. #.#
#....# #.#
.....##
###g###.##
.....#
###..@gg...#
#...
##...###g.....
#..⌠ #..###
......### #...
##.##
...#....+#.†.
#..#
..#..#.....#
#.## {
.##.....†##
#.# { {
.#.......# #.#
#........ #.#
#..).....


You could see a gnoll bouda and 3 gnolls.

Vanquished Creatures
  2 adders
  4 dart slugs
  7 bats
  4 endoplasms
  2 giant cockroaches
  5 goblins
  A hobgoblin (D:1)
  4 ball pythons (D:1)
  3 kobolds (D:1)
  5 rats
37 creatures vanquished.

Notes
Turn   | Place    | Note
-------+----------+-------------------------------------------
     0 | D:1      | GigaChad the Formicid Fighter began the quest for the Orb.
     0 | D:1      | Reached XP level 1. HP: 18/18 MP: 1/1
    38 | D:1      | Reached XP level 2. HP: 24/24 MP: 2/2
   408 | D:1      | Reached XP level 3. HP: 30/30 MP: 3/3
  1284 | D:2      | Found a hazy altar of Hepliaklqana.
  1844 | D:3      | Reached XP level 4. HP: 31/37 MP: 4/4
  2044 | D:3      | HP: 1/37 [gnoll/+0 halberd[a gnoll bouda] (5)]
  2044 | D:3      | Slain by a gnoll

Illustrated notes

Levels and vault maps discovered:
D:1:      heliophobic_arrival_ceremonial_halls, layout_loops_ring
D:2:      layout_loops_corners, basic_altar
D:3:      layout_loops_corners, nicolae_overflow_ecumenical_swirl,
          ebering_ecumenical_altar_sacrificial, hangedman_decor_push,
          dk_noncrumbling_4, minmay_misc_feat_columns, supply_closet_lemuel,
          minmay_randomly_rotated_circles

Skill      XL: |  1  2  3 |
---------------+----------+-----
Axes           | 3 |  3.1
Fighting       | |  3.8
Armour         | |  3.8
Dodging        | |  0.1
Shields        | |  4.3

Action                     |  1- 3 |  4- 6 || total
---------------------------+-------+-------++-------
  Melee: War axe           |   105 |    14 ||   119
    Use: Scroll            |     5 |       ||     5
 Armour: Scale mail        |    66 |     6 ||    72
  Dodge: Dodged            |    77 |    10 ||    87
  Block: Buckler           |    31 |     7 ||    38

Table legend: (Time is in decaauts)
 A = Elapsed time spent in this place.
 B = Non-inter-level travel time spent in this place.
 C = Inter-level travel time spent in this place.
 D = Time resting spent in this place.
 E = Time spent auto-exploring this place.
 F = Levels seen in this place.
 G = Mean time per level.
                   A        B        C        D        E       F      G
               +--------+--------+--------+--------+--------+-----+--------+
         Total |   2091 |   1980 |    111 |      0 |   1666 |   3 |  697.0 |
       Dungeon |   2091 |   1980 |    111 |      0 |   1666 |   3 |  697.0 |
               +--------+--------+--------+--------+--------+-----+--------+

Top non-repeatable levels by time:
     D:2: 1015 daAuts
     D:1: 858 daAuts
     D:3: 217 daAuts
